[Event "Titled Tuesday Blitz April 25 Early 2023"]
[White "Pakleza, Zbigniew"]
[Black "a-z30"]
[WhiteFideId "1119290"]
[WhiteElo "2410"]
[BlackElo "2400"]
[Result "1-0"]
[Round "01"]
[TimeControl "180+2"]
[Date "2023.04.25"]
[WhiteClock "0:00:09"]
[BlackClock "0:00:09"]

1. d4 Nf6 2. Nf3 e6 3. Bf4 d5 4. e3 Bd6 5. Bg3 b6 6. Nbd2 Bb7 7. c3 O-O 8. Ne5 c5 9. f4 Nbd7 10. Bh4 Be7 11. Bd3 Ne4 12. Bxe7 Qxe7 13. O-O Nxd2 14. Qxd2 Nf6 15. Rad1 Rad8 16. Qe2 Ne4 17. a3 f6 18. Nf3 a5 19. Nd2 Nxd2 20. Qxd2 e5 21. Qf2 e4 22. Bc2 c4 23. Ra1 b5 24. b3 f5 25. Qd2 Bc6 26. Rfb1 Rb8 27. h3 h6 28. Bd1 Rb7 29. Be2 Rfb8 30. Rb2 Kh7 31. Kh2 Qd6 32. g3 Rg8 33. a4 cxb3 34. Rxb3 bxa4 35. Rxb7 Bxb7 36. Rxa4 Qb6 37. Ra2 Bc6 38. c4 Ra8 39. Rb2 Qc7 40. Rc2 Qb6 41. g4 fxg4 42. hxg4 a4 43. Kg3 a3 44. Ra2 Qb3 45. c5 Bb5 46. Bxb5 Qxb5 47. Qc2 Qa4 48. Qxa4 Rxa4 49. f5 g6 50. Kf4 Kg7 51. Ke5 h5 52. gxh5 gxh5 53. Kxd5 h4 54. c6 h3 55. c7 Ra8 56. Rxa3 Rc8 57. Kd6 Kf6 58. Ra1 Kxf5 59. Rg1 h2 60. Rh1 Rh8 61. Rxh2 Rxh2 62. c8=Q+ Kg5 63. Qf8 Rh6+ 64. Ke5 Rh5 65. Qf5+ Kh4 66. Qxh5+ Kxh5 67. Kxe4 Kg6 68. Kd5 Kf6 69. e4 Ke7 70. e5 Kd8 71. Ke4 1-0


[Site "https://www.chess.com"]

[Event "Titled Tuesday Blitz April 25 Early 2023"]
[White "Orujov2008"]
[Black "Samunenkov, Ihor"]
[BlackFideId "14187086"]
[WhiteElo "2398"]
[BlackElo "2457"]
[Result "0-1"]
[Round "01"]
[TimeControl "180+2"]
[Date "2023.04.25"]
[WhiteClock "0:00:03"]
[BlackClock "0:00:04"]

1. e4 c6 2. d4 d5 3. Nc3 dxe4 4. Nxe4 Bf5 5. Ng3 Bg6 6. Nf3 e6 7. h4 h6 8. h5 Bh7 9. Bd3 Bxd3 10. Qxd3 Nf6 11. Bd2 Be7 12. O-O-O c5 13. c4 cxd4 14. Qxd4 Nc6 15. Qxd8+ Rxd8 16. Bc3 O-O 17. Ne5 Nxe5 18. Bxe5 Ng4 19. Bd4 b6 20. f3 Bg5+ 21. Kc2 Ne3+ 22. Bxe3 Bxe3 23. Ne4 f5 24. Nd6 Bf4 25. Nb5 Rc8 26. Kb3 a6 27. Nd4 Rf6 28. Rhe1 e5 29. Ne2 Be3 30. Nc3 Bd4 31. Ne2 Bf2 32. Rf1 Be3 33. Nc3 Rfc6 34. Nd5 Bg5 35. Rf2 Rxc4 36. Nxb6 Rc1 37. Nxc8 Rxd1 38. Re2 Bf6 39. Nb6 Kf7 40. Nc4 Ke6 41. a4 Rd4 42. Ne3 e4 43. fxe4 Rxe4 44. Kc2 f4 45. Kd3 Rxe3+ 46. Rxe3+ fxe3 47. Kxe3 Bxb2 0-1


[Site "https://www.chess.com"]

[Event "Titled Tuesday Blitz April 25 Early 2023"]
[White "Rendle, Thomas E"]
[Black "Dixit, Nikhil"]
[WhiteFideId "408760"]
[BlackFideId "5059534"]
[WhiteElo "2428"]
[BlackElo "2207"]
[Result "0-1"]
[Round "01"]
[TimeControl "180+2"]
[Date "2023.04.25"]
[WhiteClock "0:00:22"]
[BlackClock "0:00:38"]

1. Nf3 Nf6 2. g3 g6 3. Bg2 Bg7 4. c4 O-O 5. O-O d6 6. Nc3 c5 7. b3 Nc6 8. Bb2 Bd7 9. d4 cxd4 10. Nxd4 Nxd4 11. Qxd4 Bc6 12. Nd5 Bxd5 13. Bxd5 Ne8 14. Qd2 Bxb2 15. Qxb2 Rb8 16. Rad1 Qc7 17. h4 Nf6 18. Bf3 h5 19. Rd4 Qc5 20. Rfd1 Rfc8 21. Qd2 Kg7 22. Kg2 a6 23. Qe3 Rc7 24. a4 b5 25. cxb5 axb5 26. a5 b4 27. Ra1 Ra7 28. Rc4 Qxe3 29. fxe3 d5 30. Rc6 e6 31. Ra4 Nd7 32. a6 Ne5 33. Rd6 Kf6 34. Bxd5 Ke7 35. Rc6 exd5 36. Rc2 Rb6 37. Ra5 Rbxa6 38. Rxd5 Nd7 39. Rc4 Re6 40. Rxb4 Nf6 41. Rd3 Ng4 42. Kf3 Rf6+ 43. Rf4 Ne5+ 44. Kg2 Nxd3 45. Re4+ Re6 0-1


[Site "https://www.chess.com"]

[Event "Titled Tuesday Blitz April 25 Early 2023"]
[White "Alexikov, Alexander"]
[Black "Bilych, Olexiy"]
[WhiteFideId "14103958"]
[BlackFideId "14156504"]
[WhiteElo "2186"]
[BlackElo "2320"]
[Result "0-1"]
[Round "01"]
[TimeControl "180+2"]
[Date "2023.04.25"]
[WhiteClock "0:00:12"]
[BlackClock "0:00:16"]

1. e4 c5 2. Nf3 d6 3. d4 cxd4 4. Nxd4 Nf6 5. Nc3 a6 6. Be2 e5 7. Nb3 Be7 8. O-O O-O 9. Be3 Be6 10. Bf3 Nbd7 11. a4 Rc8 12. Re1 Nb6 13. Nd2 Nc4 14. Nxc4 Rxc4 15. Qd2 Qc7 16. a5 Rc8 17. h3 h6 18. Bb6 Qc6 19. Rad1 Kf8 20. Kh2 Nd7 21. Be3 Qc7 22. Ra1 Qc6 23. Re2 Rb4 24. Nd5 Rxb2 25. Nxe7 Kxe7 26. Rc1 Nf6 27. Bb6 Qc3 28. Qxc3 Rxc3 29. Rd2 Rc6 30. Kg1 Nd7 31. Be3 Ra2 32. c3 Rxa5 33. Rb2 b5 34. Bd2 Ra3 35. Rcb1 Nb6 36. Rb4 Nc4 37. Be1 g6 38. h4 h5 39. g3 Ra2 40. Kg2 Nd2 41. Bxd2 Rxd2 42. R1b2 Rxb2 43. Rxb2 Rxc3 44. Rd2 Bc4 45. Bd1 a5 46. Rb2 a4 47. Rb1 a3 48. Ra1 a2 49. Bf3 b4 50. Bd1 b3 51. Bxb3 Bxb3 0-1


[Site "https://www.chess.com"]

[Event "Titled Tuesday Blitz April 25 Early 2023"]
[White "Dimitrov, Atanas"]
[Black "Mouhamad, Joachim"]
[WhiteFideId "2901315"]
[BlackFideId "656410"]
[WhiteElo "2709"]
[BlackElo "2125"]
[Result "1-0"]
[Round "01"]
[TimeControl "180+2"]
[Date "2023.04.25"]
[WhiteClock "0:00:45"]
[BlackClock "0:00:16"]

1. e4 c5 2. Nc3 Nc6 3. Nf3 d6 4. d4 cxd4 5. Nxd4 Nf6 6. g3 g6 7. Nde2 Bg7 8. Bg2 O-O 9. O-O Bd7 10. h3 Rc8 11. Be3 a6 12. a4 Ne5 13. b3 Nc6 14. Nd5 Nxd5 15. exd5 Nb4 16. c3 Bxc3 17. Nxc3 Rxc3 18. Bd2 Rd3 19. Qe2 Rxb3 20. Qc4 Rb2 21. Bxb4 Qb6 22. Bc3 Rc8 23. Qd4 Qxd4 24. Bxd4 Rb4 25. Be3 Rxa4 26. Rxa4 Bxa4 27. Ra1 b5 28. Bf1 e5 29. g4 f5 30. gxf5 gxf5 31. f4 Kf7 32. Kf2 Kf6 33. Be2 Rc2 34. Kf3 Rb2 35. Ra3 e4+ 36. Kf2 Bd1 37. Bd4+ 1-0


[Site "https://www.chess.com"]

[Event "Titled Tuesday Blitz April 25 Early 2023"]
[White "Tymrakiewicz, Rafal"]
[Black "Panesar Vedant"]
[WhiteFideId "1108832"]
[BlackFideId "35033018"]
[WhiteElo "2151"]
[BlackElo "2278"]
[Result "0-1"]
[Round "01"]
[TimeControl "180+2"]
[Date "2023.04.25"]
[WhiteClock "0:00:01"]
[BlackClock "0:00:11"]

1. d4 Nf6 2. Bg5 e6 3. Nd2 d5 4. e3 Be7 5. Bd3 O-O 6. f4 c5 7. c3 b6 8. Qe2 a5 9. Ngf3 Ba6 10. Bxa6 Nxa6 11. Ne5 Qc7 12. O-O Nb8 13. Rf3 Ne8 14. Rh3 g6 15. Bh6 Ng7 16. g4 f6 17. Nef3 Nc6 18. g5 f5 19. Qf2 Rf7 20. Bxg7 Rxg7 21. Rg3 cxd4 22. Nxd4 Nxd4 23. exd4 Bd6 24. Rf3 b5 25. Re1 Re7 26. h4 b4 27. h5 bxc3 28. Rxc3 Qb8 29. Rb3 Qc7 30. Rc3 Qb8 31. Rb3 Qa7 32. Qe3 e5 33. Nf3 exd4 34. Qd3 Rxe1+ 35. Nxe1 Bxf4 36. Qf3 d3+ 37. Kg2 Re8 38. Qxd5+ Qf7 39. Qxf7+ Kxf7 40. Nxd3 Bxg5 41. hxg6+ hxg6 42. Rb7+ Kf6 43. Rb6+ Re6 44. Rxe6+ Kxe6 45. b4 axb4 46. Nxb4 Bd2 47. Nd3 Kd5 48. Kf3 Kd4 49. Nf2 g5 50. Nd1 g4+ 51. Ke2 Bb4 52. a4 f4 53. Nf2 f3+ 54. Kf1 g3 55. Nh3 Ke3 56. a5 Bxa5 57. Kg1 Bb6 58. Kf1 g2+ 59. Ke1 f2+ 60. Nxf2 g1=Q# 0-1


[Site "https://www.chess.com"]

[Event "Titled Tuesday Blitz April 25 Early 2023"]
[White "Karthik Rajaa"]
[Black "Urbina Perez, Juan Antonio"]
[WhiteFideId "25035215"]
[BlackFideId "2217368"]
[WhiteElo "2215"]
[BlackElo "2197"]
[Result "1-0"]
[Round "01"]
[TimeControl "180+2"]
[Date "2023.04.25"]
[WhiteClock "0:00:08"]
[BlackClock "0:00:16"]

1. Nf3 Nf6 2. c4 b6 3. g3 Bb7 4. Bg2 e6 5. O-O c5 6. Nc3 Be7 7. b3 O-O 8. Bb2 d6 9. e3 Nbd7 10. d3 a6 11. Qe2 Re8 12. Rad1 Rc8 13. h3 Qc7 14. g4 Ne5 15. Ne1 Bxg2 16. Nxg2 Nfd7 17. f4 Nc6 18. h4 Bf8 19. g5 Ne7 20. h5 d5 21. Qg4 f5 22. gxf6 Nxf6 23. Qxe6+ Kh8 24. h6 d4 25. exd4 Nc6 26. Nd5 Rxe6 27. Nxc7 Rxc7 28. d5 Re2 29. Bxf6 gxf6 30. dxc6 Bxh6 31. Rfe1 Rxa2 32. Re6 Bf8 33. Ne3 Rg7+ 34. Kh1 Re2 35. Rg1 Rf7 36. Re8 f5 37. c7 Rf6 38. Rg2 Re1+ 39. Kh2 Rh6+ 40. Kg3 1-0


[Site "https://www.chess.com"]

[Event "Titled Tuesday Blitz April 25 Early 2023"]
[White "Travadon, Loic"]
[Black "Spata, German"]
[WhiteFideId "26092131"]
[BlackFideId "113026"]
[WhiteElo "2405"]
[BlackElo "2238"]
[Result "0-1"]
[Round "01"]
[TimeControl "180+2"]
[Date "2023.04.25"]
[WhiteClock "0:00:01"]
[BlackClock "0:00:08"]

1. d4 Nf6 2. Nf3 g6 3. Nc3 d5 4. Bg5 Bg7 5. e3 c6 6. Be2 O-O 7. Ne5 Nbd7 8. f4 Nxe5 9. fxe5 Nd7 10. h4 f6 11. exf6 exf6 12. Bf4 Qe7 13. Qd2 Re8 14. Nd1 g5 15. hxg5 fxg5 16. Bg3 Nf6 17. Bd3 Ne4 18. Bxe4 Qxe4 19. O-O Bf5 20. Rc1 Bg6 21. c4 Qd3 22. Rf2 dxc4 23. Rc3 Qxd2 24. Rxd2 b5 25. b3 Bf7 26. bxc4 Bxc4 27. Nb2 Bd5 28. Bd6 Re4 29. Bc5 Rae8 30. Nd1 a5 31. Ra3 a4 32. Rc3 h5 33. a3 g4 34. g3 Bh6 35. Re2 Bb3 36. Nf2 Rxe3 37. Rexe3 Rxe3 38. Rc1 Rxg3+ 39. Kh2 Bxc1 40. Kxg3 Kf7 41. Ne4 Bd5 42. Nd6+ Ke6 43. Kh4 Bf4 44. Ne8 g3 45. Ng7+ Kf7 46. Nxh5 Bd2 47. Nxg3 Ke6 48. Ne2 Kf5 49. Kg3 Ke4 50. Kf2 Kd3 51. Ng3 Bc3 52. Nf5 Be4 53. Nd6 Bxd4+ 54. Bxd4 Kxd4 55. Ke2 Bd5 56. Kd2 Bc4 57. Kc2 c5 58. Kb2 b4 59. Nf5+ Kd3 60. Nd6 Ba6 61. Nf5 b3 62. Nd6 c4 0-1


[Site "https://www.chess.com"]

[Event "Titled Tuesday Blitz April 25 Early 2023"]
[White "Nouri, Alekhine"]
[Black "Mika, Tomasz"]
[WhiteFideId "5216184"]
[BlackFideId "1132970"]
[WhiteElo "2151"]
[BlackElo "2179"]
[Result "1-0"]
[Round "01"]
[TimeControl "180+2"]
[Date "2023.04.25"]
[WhiteClock "0:01:40"]
[BlackClock "0:00:26"]

1. e4 c6 2. d4 d5 3. exd5 cxd5 4. Bd3 Nc6 5. c3 Nf6 6. Bf4 g6 7. Nf3 Bf5 8. Ne5 Bxd3 9. Nxd3 Bg7 10. O-O O-O 11. Re1 Ne4 12. Nd2 Nxd2 13. Qxd2 Re8 14. Re3 Qd7 15. Rae1 Na5 16. Rh3 Nc4 17. Qc1 Rac8 18. Bh6 Bh8 19. Qf4 Qd6 20. Qh4 e5 21. dxe5 Nxe5 22. Rhe3 Re6 23. Nxe5 Bxe5 24. g3 Rce8 25. Qa4 a6 26. f4 b5 27. fxe5 Rxe5 28. Qd4 1-0


[Site "https://www.chess.com"]

[Event "Titled Tuesday Blitz April 25 Early 2023"]
[White "Golubev, Mikhail"]
[Black "Javakhadze, Zurab"]
[WhiteFideId "14100983"]
[BlackFideId "13603647"]
[WhiteElo "2374"]
[BlackElo "2381"]
[Result "0-1"]
[Round "01"]
[TimeControl "180+2"]
[Date "2023.04.25"]
[WhiteClock "0:00:04"]
[BlackClock "0:00:29"]

1. e4 c5 2. Nf3 d6 3. d4 cxd4 4. Nxd4 Nf6 5. Nc3 g6 6. Be3 a6 7. f3 Bg7 8. Qd2 Nbd7 9. g4 Ne5 10. h4 h5 11. g5 Nfd7 12. O-O-O b5 13. Be2 Bb7 14. f4 Ng4 15. Bxg4 hxg4 16. f5 Nc5 17. Qg2 Qa5 18. fxg6 fxg6 19. Kb1 Be5 20. Qxg4 b4 21. Nd5 Nxe4 22. Qxe4 Bxd5 23. Qxg6+ Bf7 24. Qf5 Qxa2+ 25. Kc1 Qa1+ 26. Kd2 Qxb2 27. Rhf1 Qc3+ 28. Ke2 Bc4+ 29. Rd3 Bxd4 0-1


[Site "https://www.chess.com"]

[Event "Titled Tuesday Blitz April 25 Early 2023"]
[White "Sviridov, Valery"]
[Black "feuervogel1000000"]
[WhiteFideId "4120680"]
[WhiteElo "2457"]
[BlackElo "2384"]
[Result "0-1"]
[Round "01"]
[TimeControl "180+2"]
[Date "2023.04.25"]
[WhiteClock "0:00:34"]
[BlackClock "0:00:09"]

1. d4 Nf6 2. Nf3 e6 3. e3 d5 4. Nbd2 Be7 5. Bd3 O-O 6. O-O c5 7. c3 b6 8. Qe2 Nc6 9. e4 cxd4 10. e5 Nd7 11. cxd4 Nb4 12. Bb5 a6 13. Ba4 b5 14. Bd1 Bb7 15. a3 Nc6 16. Bc2 Qb6 17. Qe3 Rac8 18. Bd3 Rfd8 19. b3 Nf8 20. g3 f6 21. exf6 Bxf6 22. Bb2 Re8 23. Rfe1 Rcd8 24. Rac1 g6 25. h4 Rd7 26. h5 gxh5 27. Kg2 h4 28. gxh4 Rg7+ 29. Kh1 Ree7 30. Rg1 Qd8 31. h5 Rxg1+ 32. Rxg1+ Rg7 33. Rxg7+ Kxg7 34. h6+ Kh8 35. b4 Qe8 36. Qf4 Qh5+ 37. Kg2 Be7 38. Nb3 Ng6 39. Qg3 Qxh6 40. Bc1 Qg7 41. Nc5 Bxc5 42. dxc5 e5 43. Bb2 Nf4+ 44. Kf1 Qxg3 45. fxg3 Nxd3 46. Ba1 d4 47. Ke2 e4 48. Nxd4 Nxd4+ 49. Bxd4+ Kg8 50. Ke3 Kf7 51. Bh8 Ke6 52. Kd4 Nb2 53. Bg7 Nc4 54. a4 Bc6 55. axb5 axb5 56. Bh6 Kf5 57. Bf4 h5 58. Bc7 e3 59. Kd3 Bf3 0-1


[Site "https://www.chess.com"]

[Event "Titled Tuesday Blitz April 25 Early 2023"]
[White "Rudzinska, Michalina"]
[Black "HSH1987"]
[WhiteFideId "1172883"]
[WhiteElo "2219"]
[BlackElo "2690"]
[Result "0-1"]
[Round "01"]
[TimeControl "180+2"]
[Date "2023.04.25"]
[WhiteClock "0:00:12"]
[BlackClock "0:00:26"]

1. e4 c6 2. Nf3 d5 3. Nc3 Bg4 4. h3 Bxf3 5. Qxf3 e6 6. Be2 Nf6 7. O-O dxe4 8. Nxe4 Nxe4 9. Qxe4 Qd5 10. Qg4 h5 11. Qg3 Qd6 12. Qb3 Qc7 13. d4 Nd7 14. c4 Bd6 15. c5 Be7 16. Qf3 g5 17. Bc4 g4 18. Bf4 gxf3 19. Bxc7 fxg2 20. Kxg2 Nf6 21. Be5 Kd7 22. f4 Rhg8+ 23. Kh2 Ne4 24. Rad1 Ng3 25. Rg1 Nf5 26. Bd3 h4 27. Bxf5 exf5 28. b4 f6 29. d5 fxe5 30. dxc6+ Kxc6 31. fxe5 Bg5 32. Rd6+ Kc7 33. Rf1 Raf8 34. e6 Rg7 35. Kh1 Be3 36. Rfd1 Re8 37. Rd7+ Rxd7 38. Rxd7+ Kc8 39. Rf7 f4 40. e7 Kd7 41. Kg2 Rxe7 42. Rf5 Rg7+ 43. Kf3 Rg3+ 44. Ke4 Rxh3 45. b5 Rh1 46. Rf7+ Ke6 47. Rxb7 Bxc5 48. Rc7 Bb6 49. Rc6+ Kd7 50. Kxf4 Rb1 51. Rh6 Rxb5 52. a3 Ra5 53. Rh7+ Kc6 54. Rh6+ Kb7 55. Rh7+ Ka6 56. Rxh4 Rxa3 57. Rh5 Rd3 58. Ke4 Rd7 59. Kf3 Kb7 60. Ke2 a5 61. Rh3 Ka6 62. Ra3 Bc5 63. Rb3 Bb4 0-1


[Site "https://www.chess.com"]

[Event "Titled Tuesday Blitz April 25 Early 2023"]
[White "Horvath, Dominik"]
[Black "Al Mukhaini, Shima"]
[WhiteFideId "1642561"]
[BlackFideId "22005854"]
[WhiteElo "2407"]
[BlackElo "2381"]
[Result "1-0"]
[Round "01"]
[TimeControl "180+2"]
[Date "2023.04.25"]
[WhiteClock "0:00:37"]
[BlackClock "0:00:25"]

1. Nf3 d5 2. c4 d4 3. b4 f6 4. e3 dxe3 5. fxe3 e5 6. c5 a5 7. Nxe5 fxe5 8. Qh5+ Kd7 9. Qf5+ Ke8 10. Qh5+ Kd7 11. Bc4 Nf6 12. Qxe5 Qe7 13. Qd4+ Ke8 14. O-O Nc6 15. Bb5 Bd7 16. Bxc6 Bxc6 17. a3 axb4 18. axb4 Rxa1 19. Qxa1 Qe4 20. Rf2 Qxb4 21. Ba3 Qc4 22. Qe5+ Kf7 23. Nc3 Qe6 24. Qxc7+ Be7 25. Ne2 Rc8 26. Qf4 Qe4 27. Qg5 h6 28. Qg3 Qb1+ 29. Rf1 Qb5 30. Nd4 Qd3 31. Nf5 Bf8 32. Bb2 Qxd2 33. Nxh6+ Ke7 34. Qe5+ Kd7 35. Qf5+ Kd8 36. Nf7+ Ke7 37. Bxf6+ gxf6 38. Qxf6+ Kd7 39. Qf5+ Kc7 40. Qf4+ Kd7 41. Ne5+ Ke6 42. Qf7+ Kxe5 43. Qf5# 1-0


[Site "https://www.chess.com"]

[Event "Titled Tuesday Blitz April 25 Early 2023"]
[White "Fontaine, Quentin"]
[Black "Prohaszka, Peter"]
[WhiteFideId "230804"]
[BlackFideId "726265"]
[WhiteElo "2237"]
[BlackElo "2626"]
[Result "1-0"]
[Round "01"]
[TimeControl "180+2"]
[Date "2023.04.25"]
[WhiteClock "0:00:27"]
[BlackClock "0:00:02"]

1. e4 c6 2. d4 d5 3. exd5 cxd5 4. Nf3 Nc6 5. Ne5 g6 6. c3 Bg7 7. Bf4 Nf6 8. Bd3 Bf5 9. Bxf5 gxf5 10. O-O O-O 11. Re1 Ne4 12. Nd3 e6 13. Nd2 Kh8 14. Re3 Ne7 15. Rh3 Nf6 16. Be5 Ng6 17. Bxf6 Qxf6 18. Qh5 h6 19. Nf3 Rad8 20. Re1 Rg8 21. Nfe5 Bf8 22. Ree3 Kh7 23. Reg3 Nh8 24. Nf4 a5 25. Rxg8 Kxg8 26. Rg3+ Bg7 27. Qd1 b5 28. Nh5 Qh4 29. Rxg7+ Kf8 30. g3 Qe7 31. Rh7 Kg8 32. Rxh6 Qg5 33. Rxh8+ Kxh8 34. Nxf7+ Kh7 35. Nxg5+ Kg6 36. h4 Re8 37. Nf4+ Kf6 38. Qh5 Ke7 39. Qf7+ Kd6 40. Qxe8 b4 41. Qxe6+ Kc7 42. Nxd5+ Kb7 43. Qb6+ 1-0


[Site "https://www.chess.com"]

[Event "Titled Tuesday Blitz April 25 Early 2023"]
[White "Nevednichy, Vladislav"]
[Black "Liu, Casper"]
[WhiteFideId "1205730"]
[BlackFideId "1454153"]
[WhiteElo "2370"]
[BlackElo "2221"]
[Result "1-0"]
[Round "01"]
[TimeControl "180+2"]
[Date "2023.04.25"]
[WhiteClock "0:01:53"]
[BlackClock "0:00:43"]

1. d4 c5 2. d5 g6 3. Nc3 Bg7 4. e4 d6 5. Bb5+ Bd7 6. a4 e5 7. dxe6 fxe6 8. Qxd6 Nc6 9. Bxc6 Bxc6 10. Qxe6+ Ne7 11. Bg5 Bd7 12. Qc4 h6 13. Bf4 Nc6 14. Nge2 Ne5 15. Bxe5 Bxe5 16. Qxc5 Qg5 17. h4 Qh5 18. Nd5 Rc8 19. Qe7# 1-0


[Site "https://www.chess.com"]

[Event "Titled Tuesday Blitz April 25 Early 2023"]
[White "drdaro"]
[Black "Shuvalova, Polina"]
[BlackFideId "24171760"]
[WhiteElo "2377"]
[BlackElo "2281"]
[Result "0-1"]
[Round "01"]
[TimeControl "180+2"]
[Date "2023.04.25"]
[WhiteClock "0:00:17"]
[BlackClock "0:00:22"]

1. d4 Nf6 2. c4 c5 3. d5 e6 4. Nc3 g6 5. e4 exd5 6. cxd5 d6 7. f4 Bg7 8. Bb5+ Nfd7 9. Nf3 O-O 10. a4 a6 11. Bd3 Re8 12. O-O b6 13. Ra3 Bb7 14. Re1 Nf8 15. Bb1 Nbd7 16. Ne2 b5 17. Re3 Nf6 18. Ng3 Ng4 19. R3e2 c4 20. Qc2 h5 21. h3 h4 22. hxg4 hxg3 23. Be3 Qd7 24. f5 Qe7 25. Bf4 Nd7 26. g5 Be5 27. Nxe5 Nxe5 28. f6 Qd7 29. Bxg3 Qg4 30. Re3 Qxg5 31. Qf2 Ng4 32. Bf4 Qxf6 33. Qg3 Nxe3 34. Rxe3 Rad8 35. e5 dxe5 36. Bxe5 Rxe5 37. Rxe5 Bxd5 38. axb5 axb5 39. Rg5 Kg7 40. Re5 Be6 41. Bc2 Rd2 42. Be4 Rd1+ 43. Kh2 Rd4 44. Bf3 b4 45. Rb5 c3 46. bxc3 bxc3 47. Rc5 Rc4 48. Rxc4 Bxc4 49. Be4 Qd4 50. Qf3 Be6 51. Bc2 Qd2 52. Qd3 Qxd3 53. Bxd3 Bb3 54. Kg3 c2 55. Bxc2 Bxc2 56. Kf4 Kf6 57. g4 g5+ 58. Kg3 Ke5 59. Kf3 Bd1+ 60. Kg3 Ke4 61. Kh3 Kf4 62. Kh2 Bxg4 63. Kg2 Be6 64. Kf2 g4 65. Kg2 f5 66. Kh2 Kg5 67. Kg2 f4 68. Kf2 Kh4 69. Kg2 Bd5+ 70. Kh2 g3+ 71. Kg1 Kh3 72. Kf1 Kh2 0-1


[Site "https://www.chess.com"]

[Event "Titled Tuesday Blitz April 25 Early 2023"]
[White "Aaditya Dhingra"]
[Black "Matveeva, Olga"]
[WhiteFideId "25678191"]
[BlackFideId "24107018"]
[WhiteElo "2083"]
[BlackElo "2056"]
[Result "1/2-1/2"]
[Round "01"]
[TimeControl "180+2"]
[Date "2023.04.25"]
[WhiteClock "0:00:21"]
[BlackClock "0:00:14"]

1. e4 e6 2. d4 d5 3. Nc3 Nf6 4. Bg5 Bb4 5. e5 h6 6. Bd2 Bxc3 7. bxc3 Ne4 8. Qg4 Kf8 9. Nf3 c5 10. Bd3 Nxd2 11. Nxd2 Nc6 12. O-O Qg5 13. Qxg5 hxg5 14. f4 gxf4 15. Rxf4 Ke7 16. Raf1 Rf8 17. Rg4 Rg8 18. Bh7 Rf8 19. Rxg7 cxd4 20. cxd4 Nxd4 21. Bg6 Nf5 22. Bxf5 exf5 23. Nf3 Be6 24. Nd4 Rac8 25. Rg3 Rc4 26. Rf4 Rfc8 27. h4 Rh8 28. Rg5 b5 29. Rg7 b4 30. Nxf5+ Bxf5 31. Rxf5 Rhxh4 32. Rgxf7+ Ke6 33. R7f6+ Ke7 34. Rg5 Rhg4 35. Rxg4 Rxg4 36. Ra6 Rc4 37. Rxa7+ Ke6 38. Rb7 Kxe5 39. Kf1 Rxc2 40. Rxb4 Rxa2 41. g4 d4 42. Ke1 Ke4 43. Rb3 d3 44. Rb8 Ke3 45. Re8+ Kf4 46. Kd1 Kxg4 47. Re3 d2 48. Rd3 Kf4 49. Rxd2 Rxd2+ 50. Kxd2 1/2-1/2


[Site "https://www.chess.com"]

[Event "Titled Tuesday Blitz April 25 Early 2023"]
[White "Pandey Srishti"]
[Black "Bashirli, Nail"]
[WhiteFideId "35093290"]
[BlackFideId "13406809"]
[WhiteElo "2083"]
[BlackElo "2322"]
[Result "0-1"]
[Round "01"]
[TimeControl "180+2"]
[Date "2023.04.25"]
[WhiteClock "0:00:57"]
[BlackClock "0:01:45"]

1. e4 Nf6 2. e5 Nd5 3. d4 d6 4. c4 Nb6 5. f4 dxe5 6. fxe5 Bf5 7. Nf3 e6 8. Be2 Be7 9. O-O O-O 10. Nc3 f6 11. Be3 Nc6 12. exf6 Bxf6 13. Rc1 Qe7 14. c5 Nd5 15. Nxd5 exd5 16. Qb3 Rae8 17. Kf2 Be4 18. Rfe1 Bh4+ 19. g3 Qf6 20. Bf4 Qxf4 21. gxh4 Qxh2+ 22. Kf1 Nxd4 23. Rc3 Nxb3 0-1


[Site "https://www.chess.com"]

[Event "Titled Tuesday Blitz April 25 Early 2023"]
[White "Salimova, Nurgyul"]
[Black "Ansh M Shah"]
[WhiteFideId "2915138"]
[BlackFideId "25033379"]
[WhiteElo "2314"]
[BlackElo "2084"]
[Result "1-0"]
[Round "01"]
[TimeControl "180+2"]
[Date "2023.04.25"]
[WhiteClock "0:02:05"]
[BlackClock "0:02:10"]

1. d4 Nf6 2. Nf3 e6 3. Bg5 d5 4. e3 Be7 5. Nbd2 O-O 6. Bd3 b6 7. Qe2 a5 8. O-O h6 9. Bh4 Ba6 10. Bxa6 Nxa6 11. Ne5 Qe8 12. c3 Nd7 13. Bxe7 Qxe7 14. f4 f6 15. Ng6 Qf7 16. Nxf8 Rxf8 17. Qxa6 1-0


[Site "https://www.chess.com"]

[Event "Titled Tuesday Blitz April 25 Early 2023"]
[White "Avalos Parra, Joao"]
[Black "De Silva, L M S T"]
[WhiteFideId "3402541"]
[BlackFideId "9953698"]
[WhiteElo "2173"]
[BlackElo "2404"]
[Result "0-1"]
[Round "01"]
[TimeControl "180+2"]
[Date "2023.04.25"]
[WhiteClock "0:01:40"]
[BlackClock "0:01:40"]

1. d4 Nf6 2. c4 e6 3. Nf3 d5 4. Nc3 Bb4 5. cxd5 exd5 6. Bg5 c6 7. e3 Bf5 8. Qb3 Qb6 9. Be2 Nbd7 10. O-O O-O 11. a3 Be7 12. Qxb6 axb6 13. Ne5 b5 14. h3 h6 15. Bh4 g5 16. Bg3 Nxe5 17. Bxe5 Nd7 18. Bh2 b4 19. axb4 Bxb4 20. Bg4 Bxg4 21. hxg4 Rfe8 22. Rfc1 Nf6 23. Rxa8 Rxa8 24. f3 Nd7 25. Kf2 Nb6 26. Ke2 Nc4 27. b3 Bxc3 28. bxc4 Ra2+ 29. Kd3 Ba5 30. cxd5 cxd5 31. Be5 Rd2# 0-1


[Site "https://www.chess.com"]

[Event "Titled Tuesday Blitz April 25 Early 2023"]
[White "Bronstein, Or"]
[Black "Luukkonen, Tommi"]
[WhiteFideId "2815770"]
[BlackFideId "501808"]
[WhiteElo "2356"]
[BlackElo "2296"]
[Result "1-0"]
[Round "01"]
[TimeControl "180+2"]
[Date "2023.04.25"]
[WhiteClock "0:00:13"]
[BlackClock "0:00:04"]

1. d4 Nf6 2. Bf4 c5 3. d5 d6 4. Nc3 e5 5. Bd2 a6 6. a4 Be7 7. e4 O-O 8. Be2 Ne8 9. Nf3 g6 10. Bh6 Ng7 11. h4 f5 12. h5 Nxh5 13. Bxf8 Qxf8 14. exf5 Bxf5 15. Nh4 Nf4 16. Nxf5 Qxf5 17. Bf3 Nd7 18. g3 Rf8 19. gxf4 Qxf4 20. Rh3 e4 21. Nxe4 Ne5 22. Bg2 Bh4 23. Qe2 g5 24. Qe3 Qg4 25. Rxh4 gxh4 26. Qg5+ Qxg5 27. Nxg5 Rf4 28. Ra3 Nc4 29. Rc3 h6 30. Bh3 hxg5 31. Be6+ Kg7 32. Rb3 Re4+ 33. Kd1 Rd4+ 34. Ke2 Rd2+ 35. Ke1 Rxc2 36. Rxb7+ Kf6 37. Rf7+ Ke5 38. b3 Nb2 39. Rf5+ Kd4 40. Rxg5 Nd3+ 41. Kf1 Rxf2+ 42. Kg1 Rb2 43. Rg4+ Kc3 44. Rxh4 Rxb3 45. Bf5 c4 46. Rh6 Rb1+ 47. Kg2 Nf4+ 48. Kf3 Nxd5 49. Bxb1 1-0


[Site "https://www.chess.com"]

[Event "Titled Tuesday Blitz April 25 Early 2023"]
[White "Luong Phuong Hanh"]
[Black "Skvortsov, Andrei"]
[WhiteFideId "12401013"]
[BlackFideId "24108600"]
[WhiteElo "2081"]
[BlackElo "2259"]
[Result "0-1"]
[Round "01"]
[TimeControl "180+2"]
[Date "2023.04.25"]
[WhiteClock "0:00:04"]
[BlackClock "0:00:31"]

1. d4 e6 2. Nf3 c5 3. e3 Nf6 4. Be2 b6 5. O-O Bb7 6. c4 Be7 7. Nc3 cxd4 8. exd4 d5 9. cxd5 Nxd5 10. Ne5 O-O 11. Bf3 Nc6 12. Nxd5 exd5 13. Bf4 Bf6 14. Rc1 Ne7 15. Ng4 Bh4 16. g3 Bf6 17. Nxf6+ gxf6 18. Bh6 Re8 19. h4 Nf5 20. Bf4 Ng7 21. Qb3 Ne6 22. Be3 Qd7 23. Bg4 Rec8 24. Qd3 Qd6 25. Qf5 Ng7 26. Qf3 Re8 27. Bf4 Qb4 28. Be3 Qd6 29. a3 Re4 30. Bf4 Qd8 31. Rfd1 Ba6 32. Bc7 Qe7 33. h5 Be2 34. Qxe4 Qxe4 35. Bxe2 Qxe2 36. h6 Ne6 37. Re1 Qh5 38. Bd6 Qxh6 39. Rcd1 Rc8 40. Bb4 Rc2 41. Rb1 Qg6 0-1


[Site "https://www.chess.com"]

[Event "Titled Tuesday Blitz April 25 Early 2023"]
[White "Hua, Lefong"]
[Black "littlepillow2010"]
[WhiteFideId "2602253"]
[WhiteElo "2670"]
[BlackElo "2371"]
[Result "1-0"]
[Round "01"]
[TimeControl "180+2"]
[Date "2023.04.25"]
[WhiteClock "0:01:19"]
[BlackClock "0:00:54"]

1. d4 d5 2. c4 c6 3. Nf3 Nf6 4. Nc3 e6 5. e3 Nbd7 6. Qc2 Bd6 7. b3 O-O 8. Be2 Qe7 9. Bb2 e5 10. cxd5 cxd5 11. Nb5 Bb4+ 12. Bc3 Ne4 13. O-O Bxc3 14. Nxc3 Nxc3 15. Qxc3 e4 16. Nd2 Nb6 17. Rfc1 Bd7 18. Qc7 Rab8 19. Qc5 Qe6 20. Qa5 a6 21. Rc5 Rfc8 22. Rac1 Bc6 23. Qxb6 Qd6 24. b4 1-0


[Site "https://www.chess.com"]